 Dungeon Crawl Stone Soup version 0.31-a0-252-gc4385922b5 (webtiles) character file.

Game seed: 1670672431623900415

9 qw the Shooter (level 2, -1/23 HPs)
             Began as a Minotaur Hexslinger on July 12, 2023.
             Slain by a jackal (2 damage)
             ... on level 1 of the Dungeon.
             The game lasted 00:00:03 (53 turns).

qw the Shooter (Minotaur Hexslinger)                  Turns: 53, Time: 00:00:04

Health: -1/23      AC:  2    Str: 12    XL:     2   Next: 6%
Magic:  2/2        EV: 12    Int: 10    God:
Gold:   0          SH:  0    Dex: 12    Spells: 2/3 levels left

rFire   . . .        a - +1 sling
rCold   . . .        (no shield)
rNeg    . . .        c - +0 robe
rPois   .            (helmet restricted)
rElec   .            (no cloak)
rCorr   .            (no gloves)
SInv    .            (no boots)
Will    .....        (no amulet)
Stlth   +            (no ring)
HPRegen 0.23/turn    (no ring)
MPRegen 0.08/turn

%: no passive effects
@: no status effects
A: horns 2, retaliatory headbutt
a: no special abilities


You were on level 1 of the Dungeon.
You visited 1 branch of the dungeon, and saw 1 of its levels.


Innate Abilities, Weirdness & Mutations

You have a pair of horns on your head.
You reflexively headbutt those who attack you in melee.


   Skills:
 - Level 1.2 Fighting
 + Level 3.1 Ranged Weapons
 - Level 2.1 Dodging
 - Level 1.0 Spellcasting
 - Level 2.0 Hexes


You had 2 spell levels left.
You knew the following spells:

 Your Spells              Type           Power      Damage    Failure   Level
a - Slow                  Hex            16%        N/A       16%         1

Your spell library contained the following spells:

 Spells                   Type           Power      Damage    Failure   Level
 Inner Flame              Hex/Fire       2%         N/A       56%         3
 Portal Projectile        Hex/Tloc       4%         N/A       56%         3
 Cause Fear               Hex            2%         N/A       83%         4

Inventory:

Hand Weapons
 a - a +1 sling (weapon)
Armour
 c - a +0 robe (worn)
Scrolls
 b - a scroll of poison

Dungeon Overview and Level Annotations

Branches:
Dungeon (1/15)

Altars:


Message History

The hobgoblin completely misses you.
You shoot a sling bullet. The sling bullet hits the hobgoblin.
The hobgoblin is almost dead.
A jackal comes into view.
A rat comes into view.
The hobgoblin completely misses you. The jackal bites you.
You shoot a sling bullet.
The sling bullet closely misses the hobgoblin.
The sling bullet closely misses the quokka.
The jackal bites you. The hobgoblin hits you. The jackal bites you.
You shoot a sling bullet.
The sling bullet completely misses the hobgoblin.
The sling bullet barely misses the quokka.
The sling bullet hits the rat.
You kill the rat!
A ball python comes into view.
The hobgoblin barely misses you.
A hobgoblin comes into view.
The jackal bites you.
You shoot a sling bullet.
The sling bullet closely misses the hobgoblin.
The sling bullet barely misses the jackal.
The jackal bites you. The hobgoblin closely misses you.
The jackal barely misses you. The hobgoblin completely misses you.
You shoot a sling bullet. The sling bullet hits the hobgoblin.
You kill the hobgoblin!
The jackal closely misses you.
The jackal bites you but does no damage.
A dart slug comes into view.
The jackal bites you. The jackal closely misses you.
Your Ranged Weapons skill increases to level 3!
You have reached level 2!
You shoot a sling bullet. The sling bullet hits the jackal!
You kill the jackal!
The quokka bites you.
The jackal bites you but does no damage.
The quokka completely misses you.
You shoot a sling bullet.
The sling bullet closely misses the ball python.
The jackal bites you.
You die...

.. ### .. ... .#
######.# .# #....#.#
.# #.##.#.# .#
####.##.#.###S#.#...
#.......#.).@r.g..%(
#.......%....h....w.
#.......######..%...
#.......# #+####
##.......#
#.......########
#..##...........
#..<####........
##.## #........


You could see a dart slug, a quokka, a jackal, a hobgoblin and a ball python.

Vanquished Creatures
  An endoplasm (D:1)
  A hobgoblin (D:1)
  3 jackals (D:1)
  A frilled lizard (D:1)
  A kobold (D:1)
  2 rats (D:1)
9 creatures vanquished.

Notes
Turn   | Place    | Note
-------+----------+-------------------------------------------
     0 | D:1      | qw the Minotaur Hexslinger began the quest for the Orb.
     0 | D:1      | Reached XP level 1. HP: 16/16 MP: 1/1
     0 | D:1      | 0 ||| qw: Version: 0.3-a-52-g30416fa
     0 | D:1      | 0 ||| qw: Game counter: 6617
     0 | D:1      | 0 ||| qw: Melee chars always use a shield: true
     0 | D:1      | 0 ||| qw: God list: Okawaru
     0 | D:1      | 0 ||| qw: Allow faded altars: false
     0 | D:1      | 0 ||| qw: Do Orc after clearing Dungeon:15 true
     0 | D:1      | 0 ||| qw: Do second Lair branch before Depths: true
     0 | D:1      | 0 ||| qw: Lair rune preference: random
     0 | D:1      | 0 ||| qw: Goals: Normal
     0 | D:1      | 0 ||| PLANNING D:1-11
    50 | D:1      | HP: 3/16 [jackal (3)]
    52 | D:1      | Reached skill level 3 in Ranged Weapons
    52 | D:1      | Reached XP level 2. HP: 4/23 MP: 2/2
    52 | D:1      | HP: 1/23 [quokka (3)]
    53 | D:1      | Slain by a jackal

Levels and vault maps discovered:
D:1:      saegor_arrival_simple_a, layout_basic, minmay_pentomino_o2

Skill      XL: |  1 |
---------------+----+-----
Ranged Weapons | 3 |  3.1
Fighting       | |  1.2
Dodging        | |  2.1
Spellcasting   | |  1.0
Hexes          | |  2.0

Action                     || total
---------------------------++-------
   Fire: Sling             ||    25
 Armour: Robe              ||     3
  Dodge: Dodged            ||    11

Table legend:
 A = Non-vault XP
 B = Vault XP
 C = Vault XP percentage of total XP
 D = Non-vault monster count
 E = Vault monster count
 F = Vault count percentage of total count
                 A         B        C        D         E       F
            +---------+---------+-------+---------+---------+-------
      Total |      12 |       2 |  14.3 |       8 |       1 |  11.1
            +---------+---------+-------+---------+---------+-------
        D:1 |      12 |       2 |  14.3 |       8 |       1 |  11.1
            +---------+---------+-------+---------+---------+-------
